[ AOE2 MATCH · #508072027 ]
UnrankedBulgarians vs Bohemians
Player's team · LOSS
Rival team · WIN
[ REPLAY ANALYSIS · EXTRACTED FROM THE RECORDED GAME ]
Feudal
11:33
Castle
24:18
Imperial
38:37
| APM avg | 60.8 |
| APM peak | 97 |
| eAPM avg | 27.0 |
| Villagers / military | 130 / 67 |
Focus
⚔️ 37.5% · 🌾 62.5%
Scout Cavalry ×27 · Monk ×11 · Mangonel ×9 · Knight ×8 · Militia ×5 · Trebuchet (Packed) ×4
Feudal
10:46
Castle
25:17
Imperial
42:26
| APM avg | 55.9 |
| APM peak | 83 |
| eAPM avg | 27.1 |
| Villagers / military | 123 / 89 |
Focus
⚔️ 28.5% · 🌾 71.5%
Spearman ×29 · Archer ×21 · Monk ×19 · Hussite Wagon ×18 · Skirmisher ×2
Match map
Initial resources + every placement click. Lines = walls · curves = elevation contours. ◆ gold · ⬟ stone · ● berries · ✦ relic · ◌ wall gap
Your base· ✓ Closed at 24:18 · 35t walls · 3 gate(s)
nQRLY's base· Open — opponent sealed themselves in
Smoothed initial terrain · ◌ = detected wall gap · hover for details
Inputs per minute
— stag11 - - nQRLY
Build order — stag11
First 150 of 334 actions detected
| 0:00 | Create | Villager (Male) |
| 0:02 | Build | House |
| 0:03 | Build | House |
| 0:06 | Create | Villager (Male) |
| 0:10 | Create | Villager (Male) |
| 0:12 | Create | Villager (Male) |
| 1:23 | Create | Villager (Male) |
| 1:32 | Build | Lumber Camp |
| 1:55 | Create | Villager (Male) |
| 2:27 | Create | Villager (Male) |
| 2:58 | Create | Villager (Male) |
| 2:58 | Create | Villager (Male) |
| 3:13 | Build | House |
| 3:20 | Create | Villager (Male) |
| 3:49 | Create | Villager (Male) |
| 4:14 | Create | Villager (Male) |
| 4:15 | Create | Villager (Male) |
| 4:21 | Build | Barracks |
| 4:44 | Create | Villager (Male) |
| 4:52 | Build | House |
| 4:57 | Create | Villager (Male) |
| 5:14 | Create | Militia |
| 5:15 | Create | Militia |
| 5:22 | Build | Palisade Gate |
| 5:24 | Create | Villager (Male) |
| 5:30 | Create | Militia |
| 5:59 | Create | Villager (Male) |
| 6:11 | Create | Militia |
| 6:26 | Create | Villager (Male) |
| 6:33 | Build | House |
| 6:35 | Build | Palisade Wall |
| 6:53 | Create | Villager (Male) |
| 6:57 | Build | Mill |
| 7:13 | Create | Villager (Male) |
| 7:14 | Research | Loom |
| 7:33 | Create | Villager (Male) |
| 8:03 | Create | Villager (Male) |
| 8:34 | Create | Villager (Male) |
| 8:36 | Build | House |
| 8:37 | Build | Palisade Wall |
| 9:09 | Research | Feudal Age |
| 9:24 | Build | Mining Camp |
| 10:44 | Create | Militia |
| 10:46 | Create | Villager (Male) |
| 11:33 | Age | Feudal Age |
| 11:34 | Build | House |
| 12:09 | Create | Villager (Male) |
| 12:12 | Build | Stable |
| 12:33 | Create | Villager (Male) |
| 12:37 | Build | Farm |
| 12:38 | Research | Horse Collar |
| 12:38 | Research | Horse Collar |
| 12:45 | Create | Villager (Male) |
| 12:53 | Build | Farm |
| 12:53 | Create | Villager (Male) |
| 12:55 | Build | Farm |
| 12:56 | Create | Villager (Male) |
| 12:58 | Build | Blacksmith |
| 12:58 | Create | Villager (Male) |
| 13:00 | Build | Farm |
| 13:01 | Create | Scout Cavalry |
| 13:07 | Create | Scout Cavalry |
| 13:11 | Build | Farm |
| 13:12 | Create | Villager (Male) |
| 13:27 | Create | Scout Cavalry |
| 13:37 | Build | Stable |
| 13:38 | Create | Villager (Male) |
| 13:42 | Create | Scout Cavalry |
| 13:47 | Build | House |
| 13:48 | Create | Villager (Male) |
| 13:54 | Create | Villager (Male) |
| 14:04 | Build | House |
| 14:06 | Create | Villager (Male) |
| 14:10 | Create | Villager (Male) |
| 14:14 | Create | Scout Cavalry |
| 14:21 | Build | Farm |
| 14:21 | Create | Villager (Male) |
| 14:26 | Build | Farm |
| 14:26 | Create | Villager (Male) |
| 14:33 | Create | Scout Cavalry |
| 14:33 | Create | Scout Cavalry |
| 14:38 | Create | Scout Cavalry |
| 14:53 | Create | Villager (Male) |
| 14:58 | Build | Farm |
| 14:59 | Build | Farm |
| 15:02 | Create | Villager (Male) |
| 15:11 | Create | Scout Cavalry |
| 15:16 | Build | Farm |
| 15:18 | Create | Villager (Male) |
| 15:27 | Build | Farm |
| 15:31 | Create | Villager (Male) |
| 15:41 | Build | House |
| 15:46 | Create | Scout Cavalry |
| 16:01 | Create | Villager (Male) |
| 16:04 | Build | Farm |
| 16:04 | Build | Farm |
| 16:19 | Research | Scale Barding Armor |
| 16:20 | Create | Scout Cavalry |
| 16:32 | Build | Farm |
| 16:35 | Build | Farm |
| 16:39 | Create | Villager (Male) |
| 16:45 | Create | Villager (Male) |
| 16:49 | Build | Farm |
| 16:52 | Create | Scout Cavalry |
| 16:52 | Create | Scout Cavalry |
| 16:58 | Create | Villager (Male) |
| 17:02 | Build | Farm |
| 17:18 | Create | Villager (Male) |
| 17:22 | Build | House |
| 17:24 | Build | Palisade Wall |
| 17:25 | Build | Palisade Wall |
| 17:31 | Research | Forging |
| 17:36 | Create | Scout Cavalry |
| 17:47 | Build | Farm |
| 17:47 | Build | Farm |
| 17:56 | Create | Scout Cavalry |
| 17:58 | Create | Villager (Male) |
| 18:16 | Research | Bloodlines |
| 18:16 | Research | Bloodlines |
| 18:26 | Create | Villager (Male) |
| 18:30 | Build | Farm |
| 18:42 | Create | Villager (Male) |
| 18:47 | Create | Scout Cavalry |
| 18:47 | Create | Scout Cavalry |
| 18:47 | Create | Scout Cavalry |
| 18:59 | Build | Mining Camp |
| 18:59 | Create | Villager (Male) |
| 19:01 | Build | Lumber Camp |
| 19:08 | Create | Scout Cavalry |
| 19:34 | Create | Scout Cavalry |
| 19:36 | Create | Villager (Male) |
| 19:39 | Build | House |
| 20:22 | Create | Villager (Male) |
| 20:25 | Build | Farm |
| 21:03 | Build | Farm |
| 21:03 | Build | Farm |
| 21:13 | Build | Watch Tower |
| 21:13 | Create | Villager (Male) |
| 21:16 | Build | House |
| 21:16 | Create | Villager (Male) |
| 21:19 | Build | House |
| 21:19 | Create | Villager (Male) |
| 21:23 | Build | House |
| 21:23 | Create | Villager (Male) |
| 21:36 | Research | Castle Age |
| 21:36 | Research | Castle Age |
| 21:50 | Build | House |
| 21:54 | Build | House |
| 21:55 | Build | Palisade Wall |
| 22:04 | Create | Scout Cavalry |
Build order — nQRLY
First 150 of 341 actions detected
| 0:00 | Create | Villager (Male) ×4 |
| 0:01 | Build | House |
| 0:02 | Build | House |
| 1:25 | Create | Villager (Male) |
| 1:40 | Create | Villager (Male) |
| 1:44 | Build | Lumber Camp |
| 2:24 | Create | Villager (Male) |
| 3:06 | Create | Villager (Male) |
| 3:06 | Create | Villager (Male) |
| 3:41 | Create | Villager (Male) |
| 4:01 | Build | House |
| 4:18 | Create | Villager (Male) |
| 4:25 | Build | Mill |
| 4:33 | Build | House |
| 4:42 | Create | Villager (Male) |
| 4:42 | Create | Villager (Male) |
| 4:59 | Create | Villager (Male) |
| 5:02 | Build | Palisade Wall |
| 5:59 | Create | Villager (Male) |
| 5:59 | Create | Villager (Male) |
| 6:00 | Create | Villager (Male) |
| 6:00 | Create | Villager (Male) |
| 6:26 | Build | Palisade Wall |
| 6:29 | Build | Palisade Wall |
| 6:35 | Build | Palisade Wall |
| 6:37 | Create | Villager (Male) |
| 7:10 | Build | Palisade Wall |
| 8:06 | Research | Feudal Age |
| 8:11 | Research | Loom |
| 8:12 | Research | Feudal Age |
| 8:26 | Build | House |
| 8:28 | Build | House |
| 8:31 | Build | House |
| 8:34 | Build | House |
| 8:44 | Build | House |
| 9:10 | Create | Villager (Male) |
| 9:26 | Build | Barracks |
| 10:46 | Age | Feudal Age |
| 10:54 | Build | Archery Range |
| 11:00 | Research | Double-Bit Axe |
| 11:00 | Create | Villager (Male) |
| 11:23 | Create | Archer |
| 11:34 | Create | Archer |
| 12:14 | Build | Farm |
| 12:15 | Build | Farm |
| 12:17 | Build | Farm |
| 12:21 | Create | Skirmisher |
| 12:51 | Build | Mining Camp |
| 12:53 | Build | Mining Camp |
| 12:54 | Create | Skirmisher |
| 12:57 | Create | Villager (Male) |
| 13:06 | Build | House |
| 13:22 | Create | Villager (Male) |
| 13:24 | Create | Archer |
| 13:33 | Create | Villager (Male) |
| 13:39 | Build | Palisade Wall |
| 13:52 | Build | Blacksmith |
| 13:53 | Build | Palisade Wall |
| 13:57 | Create | Archer |
| 14:01 | Build | Farm |
| 14:04 | Build | Farm |
| 14:14 | Create | Villager (Male) |
| 14:14 | Create | Villager (Male) |
| 14:26 | Create | Archer |
| 14:30 | Build | Lumber Camp |
| 14:30 | Create | Villager (Male) |
| 14:46 | Create | Spearman |
| 14:58 | Create | Archer |
| 15:03 | Create | Villager (Male) |
| 15:26 | Create | Archer |
| 15:32 | Create | Villager (Male) |
| 15:34 | Create | Villager (Male) |
| 15:35 | Create | Archer |
| 15:44 | Create | Archer |
| 15:46 | Build | House |
| 15:51 | Create | Spearman |
| 16:20 | Create | Spearman |
| 16:21 | Create | Archer |
| 16:24 | Create | Villager (Male) |
| 16:32 | Create | Spearman |
| 16:47 | Create | Villager (Male) |
| 16:49 | Research | Fletching |
| 16:49 | Research | Fletching |
| 16:52 | Create | Villager (Male) |
| 17:02 | Build | Market |
| 17:06 | Create | Villager (Male) |
| 17:25 | Build | House |
| 17:25 | Build | House |
| 17:28 | Create | Spearman |
| 17:29 | Create | Archer |
| 17:29 | Create | Villager (Male) |
| 17:34 | Build | Palisade Gate |
| 17:40 | Create | Villager (Male) |
| 17:42 | Build | Farm |
| 17:43 | Build | Farm |
| 17:45 | Build | Farm |
| 17:55 | Build | House |
| 17:58 | Create | Spearman |
| 18:00 | Create | Archer |
| 18:00 | Create | Archer |
| 18:04 | Create | Archer |
| 18:13 | Research | Scale Mail Armor |
| 18:22 | Create | Archer |
| 18:24 | Build | House |
| 18:33 | Research | Arson |
| 18:33 | Research | Arson |
| 18:41 | Build | Farm |
| 18:42 | Create | Villager (Male) |
| 18:44 | Build | House |
| 18:54 | Create | Archer |
| 18:55 | Create | Spearman |
| 19:00 | Build | House |
| 19:05 | Create | Villager (Male) |
| 19:48 | Create | Villager (Male) |
| 19:50 | Build | House |
| 20:01 | Create | Archer |
| 20:02 | Create | Villager (Male) |
| 20:13 | Build | Mining Camp |
| 20:17 | Build | Farm |
| 20:17 | Build | Farm |
| 20:29 | Build | Farm |
| 20:31 | Build | Farm |
| 20:31 | Build | Farm |
| 20:34 | Create | Villager (Male) |
| 20:35 | Create | Villager (Male) |
| 20:40 | Build | Palisade Wall |
| 20:53 | Create | Villager (Male) |
| 20:56 | Build | Farm |
| 20:56 | Build | Farm |
| 21:04 | Create | Villager (Male) |
| 22:21 | Create | Villager (Male) |
| 22:23 | Build | Mill |
| 22:24 | Build | Farm |
| 22:24 | Build | Farm |
| 22:24 | Build | Farm |
| 22:25 | Build | Farm |
| 22:25 | Build | Farm |
| 22:25 | Build | Farm |
| 22:25 | Build | Farm |
| 22:26 | Build | Farm |
| 22:37 | Research | Castle Age |
| 23:06 | Create | Spearman |
| 23:07 | Create | Spearman |
| 23:08 | Create | Archer |
| 23:08 | Create | Archer |
| 23:09 | Create | Archer |
| 23:15 | Build | House |
| 23:56 | Create | Villager (Male) |
| 24:00 | Build | House |
| 24:01 | Build | House |
Match timeline
| 4:21 | stag11 · first_building Barracks |
| 5:02 | nQRLY · wall_segment Palisade Wall x7 |
| 6:26 | nQRLY · wall_segment Palisade Wall x3 |
| 6:29 | nQRLY · wall_segment Palisade Wall x16 |
| 6:35 | nQRLY · wall_segment Palisade Wall x2 |
| 6:35 | stag11 · wall_segment Palisade Wall x12 |
| 7:10 | nQRLY · wall_segment Palisade Wall x5 |
| 8:37 | stag11 · wall_segment Palisade Wall x12 |
| 9:26 | nQRLY · first_building Barracks |
| 10:46 | nQRLY · age_up feudal |
| 10:54 | nQRLY · first_building Archery Range |
| 11:33 | stag11 · age_up feudal |
| 12:12 | stag11 · first_building Stable |
| 13:39 | nQRLY · wall_segment Palisade Wall x15 |
| 13:53 | nQRLY · wall_segment Palisade Wall x1 |
| 17:24 | stag11 · wall_segment Palisade Wall x5 |
| 17:25 | stag11 · wall_segment Palisade Wall x5 |
| 20:40 | nQRLY · wall_segment Palisade Wall x8 |
| 21:55 | stag11 · wall_segment Palisade Wall x2 |
| 22:31 | nQRLY · first_market_buy 100 food |
| 24:18 | stag11 · age_up castle |
| 25:01 | nQRLY · wall_segment Palisade Wall x1 |
| 25:17 | nQRLY · age_up castle |
| 25:39 | nQRLY · first_building Castle |
| 26:11 | stag11 · first_building Siege Workshop |
| 26:14 | nQRLY · first_building Monastery |
| 26:33 | stag11 · first_building Monastery |
| 28:49 | stag11 · first_market_buy 100 wood |
| 29:52 | nQRLY · first_market_sell 100 food |
| 30:23 | stag11 · first_market_sell 100 food |
| 30:37 | stag11 · first_building Krepost |
| 36:04 | stag11 · wall_segment Palisade Wall x7 |
| 38:37 | stag11 · age_up imperial |
| 38:54 | stag11 · first_building Castle |
| 42:26 | nQRLY · age_up imperial |
| 42:34 | stag11 · resign |
[ AI ANALYSIS · 1 CREDIT ]
What really happened in this match?
Wolo.gg analyzes every decision: build order, eco, micro, common mistakes by bracket. Personalized analysis on WhatsApp or Discord in 30 seconds.
Civ guide
Bulgarians
Perfil
Jugador #2094048